 Dungeon Crawl Stone Soup version 0.29.1-1-gd02db6906a (webtiles) character file.

Game seed: 7081798393733675783

904 hawla the Conjurer (level 7, -3/51 HPs)
             Began as a Red Draconian Conjurer on Oct 6, 2022.
             Slain by a black bear (11 damage)
             ... on level 5 of the Dungeon.
             The game lasted 00:13:56 (6107 turns).

hawla the Conjurer (Red Draconian Conjurer)         Turns: 6107, Time: 00:13:57

Health: -3/51      AC:  6    Str: 10    XL:     7   Next: 80%
Magic:  0/12       EV: 12    Int: 26    God:
Gold:   177        SH:  0    Dex:  9    Spells: 6/13 levels left

rFire   + + .      SeeInvis .   r - staff of fire
rCold   . . .      Faith    .   (no shield)
rNeg    . . .      Spirit   .   (body armour unavailable)
rPois   .          Reflect  .   (helmet restricted)
rElec   .          Harm     .   (no cloak)
rCorr   .          Rampage  .   (no gloves)
Will    +....      Clarity  +   (no boots)
Stlth   ++........              (no amulet)
HPRegen 0.17/turn               d - +6 ring of intelligence
MPRegen 0.13/turn               (no ring)

@: no status effects
A: breathe fire, AC +6, unfitting armour, fire resistance 1, cold-blooded,
clarity, strong-willed 1
a: Breathe Fire


You were on level 5 of the Dungeon.
You visited 1 branch of the dungeon, and saw 5 of its levels.

You collected 177 gold pieces.

Inventory:

Missiles
 e - 9 poisoned darts (quivered)
Magical Staves
 r - a staff of fire (weapon)
Jewellery
 d - a +6 ring of intelligence (left hand)
 m - a ring of ice
Wands
 n - a wand of acid (8)
Scrolls
 b - 3 scrolls of identify
 g - a scroll of summoning
 h - a scroll of amnesia
 i - a scroll of blinking
 k - a scroll of teleportation
 l - a scroll of brand weapon
Potions
 a - a potion of degeneration {unknown}
 c - 2 potions of cancellation
 f - 3 potions of heal wounds
 j - 2 potions of curing
 o - a potion of lignification
 p - 2 potions of attraction {unknown}
 q - a potion of flight
 s - a potion of might


   Skills:
 + Level 0.8 Fighting
 + Level 1.0 Staves
 + Level 0.1 Throwing
 + Level 2.6 Dodging
 - Level 1.9 Stealth
 + Level 3.8 Spellcasting
 + Level 7.4 Conjurations
 + Level 3.1 Translocations
 + Level 1.9 Fire Magic
 + Level 1.5 Evocations


You had 6 spell levels left.
You knew the following spells:

 Your Spells              Type           Power      Damage    Failure   Level
a - Magic Dart            Conj           100%       1d8       1%          1
b - Searing Ray           Conj           86%        2d7       1%          2
c - Iskenderun's Mystic   Conj/Tloc      32%        2d8       10%         4

Your spell library contained the following spells:

 Spells                   Type           Power      Damage    Failure   Level
 Dazzling Flash           Conj/Hex       48%        N/A       6%          3
 Fulminant Prism          Conj/Hex       12%        3d9       19%         4
 Lee's Rapid Deconstruct  Erth           2%         3d5*      94%         5


Dungeon Overview and Level Annotations

Branches:
Dungeon (5/15)
 Temple: D:4-7

Altars:
Xom

Shops:
D:4 (


Innate Abilities, Weirdness & Mutations

You can breathe blasts of fire.
Your fiery red scales are hard. (AC +6)
You cannot fit into any form of body armour.
Your flesh is heat resistant. (rF+)
You are cold-blooded and may be slowed by cold attacks.
You possess an exceptional clarity of mind.
You are strong-willed. (Will+)


Message History

The black bear claws you but does no damage.
Casting: Searing Ray (safe; 1% risk of failure)
Confirm with . or Enter, or press ? or * to list all spells.
You don't know that spell.
You hit the black bear.
The black bear is almost dead.
The black bear bites you! The black bear claws you.
The black bear closely misses you.
The black bear attacks as you move away!
The black bear barely misses you. The black bear claws you.
The black bear claws you but does no damage.
The black bear rages.
The black bear barely misses you. The black bear completely misses you.
The black bear barely misses you.
Casting: Searing Ray (safe; 1% risk of failure)
Confirm with . or Enter, or press ? or * to list all spells.
Aiming: Magic Dart (safe; 1% risk of failure)
Press: ? - help, Shift-Dir - straight line, f/p - black bear
Aim: a black bear (almost dead, berserk, 100% to hit)
The magic dart hits the black bear but does no damage.
The black bear is almost dead.
The black bear bites you but does no damage.
The black bear completely misses you. The black bear closely misses you.
The black bear attacks as you move away!
The black bear closely misses you.
The black bear claws you but does no damage.
The black bear misses you.
The black bear rages.
The black bear closely misses you. x2
The black bear claws you but does no damage.
The black bear misses you. The black bear barely misses you.
The black bear claws you but does no damage.
The black bear bites you.
* * * LOW HITPOINT WARNING * * *
The black bear closely misses you. The black bear claws you.
* * * LOW HITPOINT WARNING * * *
There is an open door here.
The black bear attacks as you move away!
The black bear bites you!
You die...

######.# #....................#
###.# #.........#.....######
#...# #.........#.....# #.#.#
#.........#.....# #.#.#
#.........#.....######## #.###
#......[.........##..... #.#
##'##....######...#.....
####.######.##....# ##........
.....#......##.8@8# #..##....
#.####.#######.#h######.#..##....
#.# #.# ###.#..')....#.###....
#.# #.# #...#..'.....#.# #....
#.# #.# #...#.######.#.#######
#.# #.# #...8+8# #........
#.####.# #......# ##.##.....
.......# #......######..##.....
######## #..............##.....


You could see a black bear (berserk).

Vanquished Creatures
  A black bear (D:5)
  2 ogres
  A kobold brigand (D:4)
  A bullfrog (D:4)
  2 scorpions
  2 jellies (D:5)
  An orc priest (D:4)
  A hound (D:5)
  2 iguanas
  An orc wizard (D:4)
  10 adders
  A shadow imp (D:5)
  A white imp (D:4)
  2 worms (D:2)
  3 dart slugs
  8 orcs
  3 ball pythons
  5 bats
  6 endoplasms
  2 giant cockroaches (D:1)
  A goblin (D:1)
  5 hobgoblins
  3 jackals
  4 kobolds
  5 quokkas
  4 frilled lizards
  5 rats
82 creatures vanquished.

Notes
Turn   | Place    | Note
-------+----------+-------------------------------------------
     0 | D:1      | hawla the Draconian Conjurer began the quest for the Orb.
     0 | D:1      | Reached XP level 1. HP: 14/14 MP: 3/3
   425 | D:1      | Reached XP level 2. HP: 5/20 MP: 0/5
   428 | D:1      | Learned a level 2 spell: Searing Ray
  1178 | D:2      | Reached XP level 3. HP: 26/26 MP: 0/6
  1323 | D:2      | HP: 1/26 [worm (4)]
  1324 | D:2      | Found a shimmering altar of Xom.
  2011 | D:2      | Reached skill level 5 in Conjurations
  2214 | D:2      | Reached XP level 4. HP: 31/33 MP: 2/7
  2219 | D:2      | Learned a level 4 spell: Iskenderun's Mystic Blast
  2607 | D:3      | Noticed an ogre
  2613 | D:3      | Killed an ogre
  2614 | D:3      | Reached skill level 1 in Translocations
  2614 | D:3      | Reached XP level 5. HP: 38/38 MP: 1/8
  3100 | D:3      | Found a faded altar of an unknown god.
  3242 | D:4      | Gained mutation: You are strong-willed. (Will+) [potion of
                  | mutation]
  3242 | D:4      | Gained mutation: You possess an exceptional clarity of
                  | mind. [potion of mutation]
  3259 | D:4      | Reached skill level 6 in Conjurations
  3398 | D:4      | Found Feupunihoa's Weapon Shop.
  3408 | D:4      | Reached XP level 6. HP: 45/45 MP: 3/9
  3858 | D:4      | Reached skill level 1 in Fire Magic
  3858 | D:4      | Reached skill level 1 in Evocations
  4095 | D:4      | Your scales start taking on a fiery red colour.
  4095 | D:4      | Reached XP level 7. HP: 50/50 MP: 7/11
  4095 | D:4      | Gained mutation: Your flesh is heat resistant. (rF+) [Red
                  | Draconian growth]
  4685 | D:5      | Entered Level 5 of the Dungeon
  4816 | D:5      | Found a large runed translucent door.
  4823 | D:5      | Found a large runed translucent door.
  4910 | D:5      | Reached skill level 7 in Conjurations
  5639 | D:5      | Reached skill level 1 in Staves
  6107 | D:5      | Slain by a black bear

Illustrated notes

Levels and vault maps discovered:
D:1:      scummos_arrival_star, layout_basic, minivault_27
D:2:      layout_basic, serial_corexii_hall, chequers_hall_statues_wall_a,
          corexii_hall_statues_x, basic_altar
D:3:      layout_rooms, ebering_ecumenical_altar_hall,
          minmay_stone_trees_medium, minmay_close_crescents
D:4:      layout_basic, serial_shops, nicolae_shop_bloodbath_and_beyond,
          minmay_crystal_water, minmay_small_thing
D:5:      layout_basic, jmf_multi_god_temple2

Skill      XL: |  1  2  3  4  5  6  7 |
---------------+----------------------+-----
Dodging        | 2 |  2.6
Conjurations   | 5 6 7 |  7.4
Translocations | 1 2 3 |  3.1
Fire Magic     | 1 |  1.9
Evocations     | 1 |  1.5
Spellcasting   | 3 |  3.8
Staves         | 1 |  1.0
Fighting       | |  0.8
Throwing       | |  0.1
Stealth        | |  1.9

Action                   |  1- 3 |  4- 6 |  7- 9 || total
-------------------------+-------+-------+-------++-------
Melee: Unarmed           |    52 |       |       ||    52
       Tailslap          |    14 |     1 |     3 ||    18
       Punch             |     2 |       |       ||     2
       Staff             |       |     4 |    13 ||    17
Throw: Dart              |       |       |     5 ||     5
 Cast: Magic Dart        |    43 |    34 |     2 ||    79
       Searing Ray       |    10 |    19 |    15 ||    44
       Iskenderun's Myst |       |     2 |     9 ||    11
  Use: Scroll            |       |     7 |    10 ||    17
       Potion            |       |     1 |     1 ||     2
Armor: Skin              |    12 |     5 |    13 ||    30
Dodge: Dodged            |    32 |    10 |    33 ||    75
